 Dungeon Crawl Stone Soup version 0.26-a0-30-g56b8cd3df0 (webtiles) character file.

Game seed: 15530196398777264347, levelgen mode: deterministic

190 FrogZ the Destroyer (level 5, 0/28 HPs)
             Began as a Tengu Conjurer on May 31, 2020.
             Slain by a gnoll (3 damage)
             ... on level 3 of the Dungeon.
             The game lasted 00:12:50 (3315 turns).

FrogZ the Destroyer (Tengu Conjurer)                Turns: 3315, Time: 00:12:51

Health: 0/28       AC:  3    Str:  8    XL:     5   Next: 69%
Magic:  0/9        EV: 12    Int: 17    God:
Gold:   129        SH:  0    Dex: 14    Spells: 5/8 levels left

rFire    . . .     SeeInvis .   d - +1 dagger (distort)
rCold    + . .     Gourm    .   (no shield)
rNeg     . . .     Faith    .   f - +1 robe {rC+}
rPois    .         Spirit   .   (helmet restricted)
rElec    .         Reflect  .   (no cloak)
rCorr    .         Harm     .   (no gloves)
MR       .....                  (boots unavailable)
Stlth    ++........             (no amulet)
HPRegen  0.09/turn              (no ring)
MPRegen  0.11/turn              (no ring)

@: no status effects
A: beak, talons 3, able to fly
a: Fly


You were on level 3 of the Dungeon.
You were very hungry.

You visited 1 branch of the dungeon, and saw 3 of its levels.

You collected 129 gold pieces.

Inventory:

Hand Weapons
 d - a +1 dagger of distortion (weapon)
Armour
 e - a +1 pair of gloves
 f - a +1 robe of cold resistance (worn)
Jewellery
 b - an uncursed amulet of faith {unknown}
 g - a cursed amulet of inaccuracy {unknown}
 h - an uncursed ring of fire {unknown}
 j - a cursed amulet of inaccuracy {unknown}
Scrolls
 m - a scroll of enchant weapon {unknown}
 n - a scroll of fear {unknown}
 o - 2 scrolls of enchant armour {unknown}
 p - a scroll of remove curse
 q - a scroll of random uselessness {unknown}
 s - a scroll of amnesia {unknown}
Potions
 a - 2 potions of cancellation {unknown}
 i - a potion of might {unknown}
 k - 2 potions of curing {unknown}
 l - a potion of lignification {unknown}
 r - a potion of magic {unknown}
Comestibles
 c - 4 rations


   Skills:
 - Level 2.1 Dodging
 - Level 2.0 Stealth
 - Level 2.0 Spellcasting
 + Level 8.9 Conjurations


You had 5 spell levels left.
You knew the following spells:

 Your Spells              Type           Power        Failure   Level  Hunger
a - Magic Dart            Conj           ####         1%          1    #......
b - Searing Ray           Conj           ####..       1%          2    ###....

Your spell library contained the following spells:

 Spells                   Type           Power        Failure   Level  Hunger
 Dazzling Flash           Conj/Hex       ###...       10%         3    ###....
 Fulminant Prism          Conj/Hex       ###.......   30%         4    #####..
 Iskenderun's Mystic Bla  Conj/Tloc      ###.....     30%         4    #####..


Dungeon Overview and Level Annotations

Branches:
Dungeon (3/15)

Altars:
Xom


Innate Abilities, Weirdness & Mutations

You have a beak for a mouth.
You have claws for feet.
You can fly continuously.


Message History

The gnoll is almost dead.
The gnoll hits you!
* * * LOW HITPOINT WARNING * * *
Casting: Magic Dart (safe; 1% risk of failure)
Confirm with . or Enter, or press ? or * to list all spells.
You don't have enough magic to cast that spell.
You are too injured to fight recklessly!
You are too injured to fight recklessly!
You are too injured to fight recklessly!
You are too injured to fight recklessly!
You hit the gnoll but do no damage. Your kick misses the gnoll.
Your peck misses the gnoll.
The gnoll is almost dead.
The gnoll hits you.
* * * LOW HITPOINT WARNING * * *
You closely miss the gnoll. Your kick misses the gnoll.
Your peck misses the gnoll.
The gnoll is almost dead.
The gnoll hits you.
You die...

###############.
#...@†.........
#.##.g.......#
###.##.........#
#.#............#
#..............#
#.####.........#
#.# #.........#
#.# ########..#
#.# ######..#


You could see a gnoll.

Vanquished Creatures
  6 gnolls (D:3)
  6 adders (D:2)
  2 oozes
  A worm (D:2)
  A dart slug (D:1)
  2 leopard geckos
  An orc (D:2)
  6 bats
  4 giant cockroaches
  9 hobgoblins
  5 jackals
  A ball python (D:2)
  3 frilled lizards
  9 goblins
  5 kobolds
  A quokka skeleton (D:3)
  3 rats
65 creatures vanquished.

Notes
Turn   | Place    | Note
-------+----------+-------------------------------------------
     0 | D:1      | FrogZ the Tengu Conjurer began the quest for the Orb.
     0 | D:1      | Reached XP level 1. HP: 10/10 MP: 4/4
   291 | D:1      | Reached XP level 2. HP: 15/15 MP: 0/6
   297 | D:1      | Reached skill level 6 in Conjurations
   681 | D:1      | Reached XP level 3. HP: 19/19 MP: 4/7
  1144 | D:2      | Reached skill level 7 in Conjurations
  1284 | D:2      | Reached XP level 4. HP: 24/24 MP: 3/8
  1794 | D:2      | Found a faded altar of an unknown god.
  1844 | D:2      | Reached skill level 8 in Conjurations
  1941 | D:2      | Learned a level 2 spell: Searing Ray
  1953 | D:2      | Found a shimmering altar of Xom.
  1953 | D:2      | Found a shimmering altar of Xom.
  1954 | D:2      | Found a shimmering altar of Xom.
  1955 | D:2      | Found a shimmering altar of Xom.
  1955 | D:2      | Found a shimmering altar of Xom.
  1955 | D:2      | Found a shimmering altar of Xom.
  2379 | D:2      | Gained mutation: You can fly continuously. [Tengu growth]
  2379 | D:2      | Reached XP level 5. HP: 28/28 MP: 7/9
  3315 | D:3      | Slain by a gnoll

Illustrated notes

Levels and vault maps discovered:
D:1:      minmay_arrival_widening_spiral_wide, layout_loops_ring
D:2:      layout_basic, xom_redecorated, first_ration,
          chequers_ecumenical_altar_simple_redux
D:3:      layout_basic, serial_curves, eino_curves_03, eino_curves_02,
          uniq_robin

Skill      XL: |  1  2  3  4 |
---------------+-------------+-----
Conjurations   | 6 7 8 |  8.9
Dodging        | |  2.1
Stealth        | |  2.0
Spellcasting   | |  2.0

Action                   |  1- 3 |  4- 6 || total
-------------------------+-------+-------++-------
Melee: Unarmed           |     9 |       ||     9
       Peck              |     1 |       ||     1
       Dagger            |       |     2 ||     2
 Cast: Magic Dart        |    53 |    69 ||   122
       Searing Ray       |       |    17 ||    17
  Use: Scroll            |     1 |     2 ||     3
  Eat: Chunk             |     2 |     7 ||     9
Armor: Robe              |     2 |     1 ||     3
Dodge: Dodged            |     4 |     3 ||     7

Table legend:
 A = Non-vault XP
 B = Vault XP
 C = Vault XP percentage of total XP
 D = Non-vault monster count
 E = Vault monster count
 F = Vault count percentage of total count
                 A         B        C        D         E       F
            +---------+---------+-------+---------+---------+-------
      Total |     272 |       0 |   0.0 |      65 |       0 |   0.0
            +---------+---------+-------+---------+---------+-------
        D:1 |      40 |       0 |   0.0 |      22 |       0 |   0.0
        D:2 |     126 |       0 |   0.0 |      28 |       0 |   0.0
        D:3 |     106 |       0 |   0.0 |      15 |       0 |   0.0
            +---------+---------+-------+---------+---------+-------
